 Dungeon Crawl Stone Soup version 0.19-a0-2242-gc784e87 (webtiles) character file.

205722 sauken the Carver (level 18, 0/172 HPs)
             Began as a Naga Fighter on Feb 28, 2017.
             Was an Elder of Cheibriados.
             Killed from afar by a deep elf annihilator (19 damage)
             ... with an iron shot
             ... in the Elven Halls.
             The game lasted 01:47:23 (36692 turns).

sauken the Carver (Naga Fighter)                   Turns: 36692, Time: 01:47:25

Health: 0/172      AC: 25 (24%)Str: 36  XL:     18   Next: 69%
Magic:  25/25      EV: 19    Int: 25    God:    Cheibriados [****..]
Gold:   1513       SH: 15    Dex: 26    Spells: 17/17 levels left

rFire    . . .     SeeInvis +   Q - +6 scimitar (flame)
rCold    . . .     Faith    .   j - +5 ring mail of Guaresch {rElec Int+7}
rNeg     . . .     Spirit   .   c - +0 shield
rPois    +         Reflect  .   z - +2 helmet
rElec    +                      N - +0 cloak of Absolutism {rElec MR+}
rCorr    .                      I - +1 pair of gloves
MR       +++..                  (no barding)
Stlth    +++++++...             (no amulet)
Regen    0.4/turn               T - ring of stealth
MPRegen  0.3/turn               r - +5 ring of strength

@: lethally poisoned (0 -> 0), drained, very slow
A: stinger 1, yellow scales 1, see invisible, deformed body, low mp 1, poison
resistance, slowness 2, slow metabolism 1, spit poison 1, strong 1, constrict 1,
AC +6
}: 1/15 runes: decaying
a: Spit Poison, Bend Time, Temporal Distortion, Slouch, Renounce Religion


You were in the Elven Halls.
You worshipped Cheibriados.
Cheibriados was greatly pleased with you.
You were not hungry.

You visited 7 branches of the dungeon, and saw 26 of its levels.
You visited the Abyss 1 time.

You collected 3187 gold pieces.
You spent 1674 gold pieces at shops.

Inventory:

Hand Weapons
 n - a +2 scimitar of slicing
 x - a +2 dagger of venom
 P - a +1 double sword
 Q - a +6 scimitar of flaming (weapon)
Missiles
 g - 6663 stones (quivered)
 A - 6 curare darts
Armour
 c - a +0 shield (worn)
 j - the +5 ring mail of Guaresch (worn) {rElec Int+7}
   (You found it on level 7 of the Dungeon)

   It affects your intelligence (+7).
   It insulates you from electricity.
 q - a +2 cloak
 z - a +2 helmet (worn)
 I - a +1 pair of gloves (worn)
 N - the +0 cloak of Absolutism (worn) {rElec MR+}
   (You bought it in a shop on level 2 of the Orcish Mines)

   It insulates you from electricity.
   It affects your resistance to hostile enchantments.
 S - +0 fire dragon scales
Jewellery
 e - a +5 ring of dexterity
 f - an uncursed ring of flight
 r - a +5 ring of strength (left hand)
 J - an uncursed ring of resist corrosion
 K - a +6 ring of intelligence
 T - a ring of stealth (right hand)
 U - an uncursed ring of protection from magic
Wands
 a - a wand of confusion (10)
 b - a wand of acid (4)
 h - a wand of flame (3)
 k - a wand of lightning (5)
 p - a wand of paralysis (3)
 v - a wand of digging (3)
 w - a wand of slowing (2)
 H - a wand of iceblast (17)
 R - a wand of scattershot (4)
Scrolls
 s - 2 scrolls of recharging
 u - 7 scrolls of amnesia
 D - 5 scrolls of magic mapping
 L - a scroll of fog
Potions
 i - 5 potions of curing
 o - 8 potions of brilliance
 B - 6 potions of cancellation
 C - 2 potions of ambrosia
 E - 2 potions of magic
 G - a potion of flight
 O - a potion of mutation


   Skills:
 - Level 13.4(12.9) Fighting
 - Level 14.4(13.8) Long Blades
 - Level 11.6(11.1) Armour
 - Level 11.2(10.7) Dodging
 + Level 13.5(12.9) Stealth
 - Level 11.5(11.0) Shields
 + Level 13.1(12.5) Invocations


You had 17 spell levels left.
You didn't know any spells.

Dungeon Overview and Level Annotations

Branches:
Dungeon (15/15)            Temple (1/1) D:6           Swamp (3/3) D:13
    Orc (2/2) D:10            Elf (1/1) Vaults:2     Vaults (2/3) D:15
 Depths (2/3) D:15
   Lair: D:-1         Snake: D:13-14     Spider: D:13-14      Slime: Depths:1-2
  Crypt: Vaults:-1     Tomb: Vaults:-1

Altars:
Cheibriados
Dithmenos
Elyvilon
Gozag
Hepliaklqana
Kikubaaqudgha
Makhleb
Nemelex Xobeh
Okawaru
Qazlal
Ru
Sif Muna
Trog
Uskayaw
Vehumet
Xom
Yredelemnul
Zin
The Shining One

Shops:
D:4 !   D:7 }**}   D:8 [   Orc:2 *=[(   Vaults:1 [   Depths:1 *

Portals:
Hell: Depths:1
Abyss: Depths:1 Depths:2

Annotations:
Swamp:3 Lernaean hydra
Vaults:2 exclusion: 2 doors


Innate Abilities, Weirdness & Mutations

You cannot wear boots.
Your serpentine skin is tough. (AC +6)
You have supernaturally acute eyesight. (SInv)
Armour fits poorly on your strangely shaped body.
Your system is resistant to poisons. (rPois)
You cover ground very slowly.
You have a slow metabolism.
You can spit poison.
You can use your snake-like lower body to constrict enemies.
Your tail ends in a poisonous barb.
You are partially covered in yellow scales. (AC +2)
Your magical capacity is low. (-10% MP)
Your muscles are strong. (Str +2)


Message History

You slash the deep elf death mage (8)! You burn the deep elf death mage (3).
You kill the deep elf death mage!
Cheibriados thoroughly appreciates the change of pace.
Unknown command.
Okay, then.
Unknown command.
Aiming: Dig
Press: ? - help, Shift-Dir - straight line The rock shatters into small pieces.
This wand has 3 charges left.
Unknown command.
Unknown command.
You feel sick.
A deep elf annihilator comes into view. It is wielding a +0 short sword.
You slash the deep elf annihilator (12)!
You burn the deep elf annihilator (6). You grab the deep elf annihilator (0).
The deep elf annihilator is moderately wounded.
You constrict the deep elf annihilator (3).
The deep elf annihilator gestures at you while chanting.
The iron shot hits you!
That hurt (19)!
You die...

## ####### ##.##...## # #.#
##'.....## #.# #....)..# #.#
#....)..# #.# #.....).#
#.###.....## #.###...##
##e#)..## #@#)#..# ******
#.#.##..# ***
******,,,,**#.#.###..# ***,,
*,,,,,,,,,,,##.# #..# *,,,,
*+**,,,,,,,,*##***#e.#******,,,,
*,,***,,,,***,,,,*#..#*,,,,***,,
*,,,,******,,,,,,,#..#,,,,,,,***
**,,,,,**,,,,,,,,,....,,,,,,,,,*
*,,,,,,,,,,,,,,,,,,,,,,,,,,,,,,


You could see a deep elf annihilator.

Vanquished Creatures
  3 tentacled monstrosities
  Gastronok (D:11)
  A tengu reaver (Depths:2)
  3 thorn hunters
  2 deep elf sorcerers (Elf)
  4 frost giants
  2 fire giants
  An iron dragon (Depths:2)
  A ghost moth (Depths:2)
  2 orc warlords
  Aizul (Vaults:1)
  2 vault wardens (Vaults:2)
  7 ironheart preservers
  2 war gargoyles (Depths:2)
  A revenant (Depths:1)
  3 very ugly things (Depths:1)
  A vampire knight (Depths:1)
  3 stone giants
  2 deep elf demonologists (Vaults:2)
  7 deep elf annihilators
  A lorocyproca (Depths:2)
  Azrael (D:14)
  A spark wasp (Depths:2)
  2 deep elf death magi (Elf)
  A fire dragon (Vaults:2)
  4 ettins
  4 ogre magi
  Erolcha (D:13)
  16 hydras
  8 yaktaur captains
  4 vault guards (D:15)
  10 two-headed ogres
  A spriggan air mage (Depths:2)
  An eidolon (Depths:1)
  A ghost crab (Swamp:3)
  An alligator (shapeshifter) (Depths:2)
  9 centaur warriors
  2 dancing weapons (Elf)
  2 alligators (Swamp:1)
  A deep troll shaman (Depths:1)
  11 death yaks
  A deep troll earth mage (Depths:1)
  A tengu warrior (D:14)
  7 orc high priests
  2 vampire magi (Depths:1)
  Nergalle (Orc:1)
  5 deep elf knights
  Sonja (Orc:2)
  A skeletal warrior (D:15)
  A soul eater (Depths:1)
  A spatial maelstrom (Abyss:1)
  3 unseen horrors
  3 deep trolls (Depths:1)
  A spriggan druid (Swamp:2)
  Pikel (D:4)
  3 deep elf archers
  4 shambling mangroves
  8 swamp dragons
  A wolf spider zombie (D:14)
  9 deep elf magi
  4 wizards
  5 harpies
  3 necromancers
  8 ironbrand convokers
  2 mana vipers (Depths:2)
  5 orc knights
  A faun (shapeshifter) (Vaults:2)
  3 hornets
  5 orc sorcerers (Orc:2)
  A manticore (D:15)
  18 ugly things
  A frost giant skeleton (Vaults:1)
  3 black mambas
  A black mamba (shapeshifter) (D:15)
  2 vault sentinels
  A guardian serpent (shapeshifter) (Vaults:1)
  An orange demon (Abyss:1)
  A smoke demon (Abyss:1)
  2 gargoyles
  A torpor snail (shapeshifter) (D:12)
  5 spiny frogs
  2 torpor snails (D:14)
  A kobold demonologist (Depths:1)
  25 yaktaurs
  4 rime drakes (D:15)
  2 hellwings (Depths:1)
  A yaktaur skeleton (Vaults:1)
  4 tyrant leeches
  A meliai (shapeshifter) (Vaults:2)
  A jumping spider (shapeshifter) (Vaults:2)
  4 trolls
  12 blink frogs
  2 meliai zombies
  3 slime creatures (D:15)
  A blink frog (shapeshifter) (Vaults:1)
  A bog body (Swamp:2)
  A human simulacrum (Vaults:1)
  4 spriggans
  An air elemental (Elf)
  2 shadows
  A wraith (D:12)
  4 vampires
  8 wyverns
  6 basilisks (D:15)
  A wyvern (shapeshifter) (Vaults:2)
  8 water elementals
  4 yaks (D:8)
  2 fire elementals (D:14)
  4 large abominations
  A steam dragon (D:11)
  6 wargs
  10 swamp worms
  3 acid dragons
  4 water moccasins
  A spiny frog zombie (D:7)
  4 hell hounds
  A hydra simulacrum (Depths:2)
  Duvessa (D:4)
  18 swamp drakes
  A spiny frog skeleton (D:5)
  7 ice beasts
  32 orc warriors
  A black bear (D:9)
  A hornet simulacrum (D:15)
  15 wasps
  22 ogres
  A phantom (D:7)
  A blink frog zombie (D:13)
  3 boggarts (Vaults:2)
  21 centaurs
  A rime drake zombie (D:7)
  2 elf zombies (Elf)
  2 big kobolds (Depths:1)
  2 small abominations (Abyss:1)
  3 wyvern skeletons
  A water moccasin skeleton (D:6)
  3 scorpions
  Dowan (D:4)
  17 killer bees
  2 crimson imps (D:5)
  21 wights
  A howler monkey (D:4)
  5 centaur zombies
  2 jellies
  2 quasits
  7 centaur skeletons
  17 orc priests
  An iron imp (Abyss:1)
  A gnoll shaman (D:4)
  19 orc wizards
  8 worker ants
  4 iguanas
  A killer bee zombie (D:6)
  A hound zombie (D:7)
  A hound skeleton (D:5)
  2 howler monkey skeletons
  8 gnolls
  10 adders
  A shadow imp (D:5)
  An ooze (D:2)
  3 dart slugs
  66 orcs
  7 quokkas
  3 ball pythons
  9 giant cockroaches
  5 goblins
  3 hobgoblins
  6 jackals
  12 kobolds
  10 bats
  4 frilled lizards
  6 rats
  A spectral orc (D:6)
  A briar patch (Swamp:3)
  7 bushes (Elf)
  2 butterflies (D:5)
  2 fungi (Orc:2)
816 creatures vanquished.

Vanquished Creatures (others)
  A spriggan druid (Swamp:3)
  A human (D:9)
  A howler monkey (D:4)
  An iguana (D:4)
  A gnoll (D:4)
  A quokka (D:4)
  4 jackals (D:4)
  A frilled lizard (D:4)
  A briar patch (Swamp:3)
  17 fungi
  2 plants (D:10)
31 creatures vanquished.

Grand Total: 847 creatures vanquished

Notes
Turn   | Place    | Note
-------+----------+-------------------------------------------
     0 | D:1      | sauken the Naga Fighter began the quest for the Orb.
     0 | D:1      | Reached XP level 1. HP: 21/21 MP: 1/1
   267 | D:1      | Reached XP level 2. HP: 21/28 MP: 2/2
  1081 | D:1      | Reached skill level 3 in Long Blades
  1081 | D:1      | Reached XP level 3. HP: 34/34 MP: 3/3
  1368 | D:2      | Gained mutation: Your body sometimes deteriorates upon taking damage. [potion of mutation]
  1368 | D:2      | Gained mutation: You evolve. [potion of mutation]
  1368 | D:2      | Gained mutation: You are dopey. (Int -2) [potion of mutation]
  1368 | D:2      | Gained mutation: Your flesh is cold resistant. (rC+) [potion of mutation]
  1879 | D:2      | Reached XP level 4. HP: 42/42 MP: 4/4
  2136 | D:3      | Found a burning altar of Makhleb.
  2142 | D:3      | Reached skill level 1 in Stealth
  2500 | D:3      | Reached skill level 4 in Long Blades
  2531 | D:3      | Found a faded altar of an unknown god.
  2559 | D:3      | Reached XP level 5. HP: 24/49 MP: 5/5
  2685 | D:3      | Gained mutation: You occasionally shout uncontrollably at your foes. [evolution]
  2943 | D:4      | Noticed Pikel
  2946 | D:4      | Noticed a slave
  2947 | D:4      | Noticed a slave
  2948 | D:4      | Noticed a slave
  2954 | D:4      | Noticed a slave
  2955 | D:4      | Killed Pikel
  2955 | D:4      | Reached skill level 6 in Long Blades
  2955 | D:4      | Reached skill level 5 in Stealth
  2955 | D:4      | Reached XP level 6. HP: 33/56 MP: 6/6
  2955 | D:4      | Reached XP level 7. HP: 37/62 MP: 7/7
  3082 | D:4      | Noticed Dowan
  3097 | D:4      | Killed Dowan
  3131 | D:4      | Noticed Duvessa
  3150 | D:4      | Killed Duvessa
  3150 | D:4      | Reached skill level 7 in Long Blades
  3150 | D:4      | Reached XP level 8. HP: 27/69 MP: 8/8
  3430 | D:4      | Found Zoumazu's Distillery.
  3437 | D:4      | Bought a potion of lignification for 30 gold pieces
  3437 | D:4      | Bought 2 potions of agility for 80 gold pieces
  3896 | D:5      | Entered Level 5 of the Dungeon
  4120 | D:5      | Reached skill level 8 in Long Blades
  4315 | D:5      | Reached skill level 5 in Shields
  4463 | D:5      | Found a runed door.
  4465 | D:5      | Found a runed door.
  4682 | D:5      | Reached skill level 9 in Long Blades
  4682 | D:5      | Reached XP level 9. HP: 46/75 MP: 9/9
  4835 | D:5      | Reached skill level 1 in Dodging
  6141 | D:6      | Found a basalt altar of Yredelemnul.
  6224 | D:6      | Found a staircase to the Ecumenical Temple.
  6234 | Temple   | Entered the Ecumenical Temple
  6294 | Temple   | Became a worshipper of Cheibriados the Contemplative
  6404 | D:6      | Reached skill level 1 in Invocations
  6672 | D:7      | Found Wiux's Assorted Antiques.
  6672 | D:7      | Found Ummi's General Store.
  6749 | D:7      | Got the +5 ring mail of Guaresch {rElec Int+7}
  6793 | D:7      | Found Amaori's Gadget Shop.
  7262 | D:7      | Bought a +0 helmet for 130 gold pieces
  7276 | D:7      | Reached skill level 5 in Dodging
  7508 | D:7      | Found an ancient bone altar of Kikubaaqudgha.
  7565 | D:7      | Found Saulukoe's Gadget Shoppe.
  7576 | D:7      | Reached * piety under Cheibriados
  7699 | D:7      | Reached XP level 10. HP: 82/85 MP: 13/13
  7985 | D:7      | Lost mutation: You occasionally shout uncontrollably at your foes. [evolution]
  8212 | D:7      | Bought 2 scrolls of enchant armour for 240 gold pieces
  8232 | D:8      | Found a sacrificial altar of Ru.
  8232 | D:8      | Noticed a deep elf mage
  8472 | D:8      | Reached skill level 5 in Invocations
  8758 | D:8      | Found Ucvi's Armour Shop.
  8761 | D:8      | Bought the -5 robe of Misfortune {-Cast *Contam *Tele *Drain EV-5 Stlth--} for 1 gold piece
  8826 | D:8      | Noticed a black mamba
  8831 | D:8      | Killed a black mamba
  8831 | D:8      | Reached skill level 5 in Fighting
  9281 | D:9      | Reached ** piety under Cheibriados
  9425 | D:9      | Found an ancient bone altar of Kikubaaqudgha.
  9462 | D:9      | Noticed a gargoyle
  9479 | D:9      | Killed a gargoyle
  9479 | D:9      | Reached skill level 5 in Armour
  9777 | D:10     | Entered Level 10 of the Dungeon
 10019 | D:10     | hi Anna <3
 10042 | D:10     | Reached XP level 11. HP: 91/98 MP: 16/16
 10111 | D:10     | Noticed an orc high priest
 10123 | D:10     | Killed an orc high priest
 10431 | D:10     | wow
 10454 | D:10     | Reached *** piety under Cheibriados
 10561 | D:10     | Found a staircase to the Orcish Mines.
 11496 | D:11     | Reached **** piety under Cheibriados
 11550 | D:11     | Noticed a red ugly thing
 11570 | D:11     | Killed a red ugly thing
 11723 | D:11     | Gained mutation: You possess an exceptional clarity of mind. [evolution]
 11723 | D:11     | Lost mutation: You evolve. [end of evolution]
 11852 | D:11     | Noticed a red ugly thing
 11861 | D:11     | Killed a red ugly thing
 11900 | D:11     | Found a deep blue altar of Sif Muna.
 12130 | D:11     | Noticed Gastronok
 12467 | D:11     | Found a deep blue altar of Sif Muna.
 12503 | D:11     | Killed Gastronok
 12503 | D:11     | Reached XP level 12. HP: 89/109 MP: 15/18
 13037 | D:12     | Noticed an orc high priest
 13049 | D:12     | Killed an orc high priest
 13049 | D:12     | Reached skill level 10 in Long Blades
 13344 | D:12     | Noticed a shock serpent
 13344 | D:12     | a mana viper changed into a shock serpent
 13350 | D:12     | a shock serpent changed into a torpor snail
 13555 | D:12     | Noticed a death yak
 13586 | D:12     | Noticed a death yak
 13586 | D:12     | Noticed a death yak
 13587 | D:12     | Noticed a death yak
 13588 | D:12     | Noticed a death yak
 13596 | D:12     | Killed a death yak
 13614 | D:12     | Killed a death yak
 13620 | D:12     | Killed a death yak
 13633 | D:12     | Killed a death yak
 13648 | D:12     | Killed a death yak
 14358 | Orc:1    | Entered Level 1 of the Orcish Mines
 14363 | Orc:1    | Found a bloodstained altar of Trog.
 14621 | Orc:2    | Entered Level 2 of the Orcish Mines
 14622 | Orc:2    | Noticed an orc high priest
 14623 | Orc:2    | Noticed an orc warlord
 14624 | Orc:2    | Noticed an orc high priest
 14624 | Orc:2    | Noticed a soul eater
 14820 | Orc:2    | Reached ***** piety under Cheibriados
 14824 | Orc:2    | Reached skill level 10 in Invocations
 15054 | Orc:1    | Gained mutation: You can use your snake-like lower body to constrict enemies. [Naga growth]
 15054 | Orc:1    | Reached XP level 13. HP: 105/115 MP: 20/20
 15063 | Orc:1    | Noticed Nergalle
 15071 | Orc:1    | Killed Nergalle
 15482 | Orc:2    | Found Xoug's General Store.
 15496 | Orc:2    | Reached skill level 11 in Long Blades
 15575 | Orc:2    | Found Rimowkig's Jewellery Boutique.
 15816 | Orc:2    | Killed an orc warlord
 16053 | Orc:2    | Noticed Sonja
 16065 | Orc:2    | Killed Sonja
 16092 | Orc:2    | Found Cezicwoi's Antique Weapon Shoppe.
 16110 | Orc:2    | Found Acefiliu's Antique Armour Emporium.
 16659 | Orc:2    | Bought the +0 cloak of Absolutism {rElec MR+} for 554 gold pieces
 16753 | D:7      | Bought a scroll of teleportation for 48 gold pieces
 16753 | D:7      | Bought a scroll of teleportation for 48 gold pieces
 16753 | D:7      | Bought a potion of curing for 48 gold pieces
 16761 | D:7      | Bought 2 scrolls of blinking for 435 gold pieces
 16827 | D:4      | Bought a potion of curing for 30 gold pieces
 16827 | D:4      | Bought a potion of curing for 30 gold pieces
 17284 | D:13     | Noticed Erolcha
 17588 | D:13     | Killed Erolcha
 17704 | D:13     | Reached XP level 14. HP: 105/123 MP: 22/22
 18240 | D:13     | Found a glowing golden altar of the Shining One.
 18414 | D:13     | Found a staircase to the Swamp.
 18774 | D:14     | Noticed Azrael
 18983 | D:14     | Found a shadowy altar of Dithmenos.
 19022 | D:14     | Reached skill level 10 in Fighting
 19418 | D:14     | Killed Azrael
 19989 | D:15     | Entered Level 15 of the Dungeon
 20250 | D:15     | Found a gate to the Vaults.
 20447 | D:15     | Reached skill level 12 in Long Blades
 20454 | D:15     | Reached XP level 15. HP: 64/141 MP: 20/23
 21067 | D:15     | Found a staircase to the Depths.
 21073 | D:15     | Got the Tome of the Mountains and Augmentations
 21862 | Swamp:1  | Entered Level 1 of the Swamp
 22939 | Swamp:1  | Reached ****** piety under Cheibriados
 22939 | Swamp:1  | Reached skill level 10 in Armour
 23210 | Swamp:2  | Noticed a tentacled monstrosity
 23231 | Swamp:2  | Killed a tentacled monstrosity
 23231 | Swamp:2  | Reached skill level 10 in Shields
 23525 | Swamp:2  | Noticed a thorn hunter
 23531 | Swamp:2  | Killed a thorn hunter
 24112 | Swamp:3  | Entered Level 3 of the Swamp
 24127 | Swamp:3  | Noticed a thorn hunter
 24139 | Swamp:3  | Killed a thorn hunter
 24443 | Swamp:3  | Noticed a thorn hunter
 24443 | Swamp:3  | Reached skill level 13 in Long Blades
 24453 | Swamp:3  | Killed a thorn hunter
 24639 | Swamp:3  | Reached XP level 16. HP: 150/150 MP: 24/24
 24693 | Swamp:3  | Reached skill level 10 in Dodging
 25744 | Swamp:3  | Noticed a tentacled monstrosity
 25745 | Swamp:3  | Noticed the 27-headed Lernaean hydra
 26143 | Swamp:3  | Killed a tentacled monstrosity
 26292 | Swamp:3  | Got a decaying rune of Zot
 26591 | Vaults:1 | Entered Level 1 of the Vaults
 26612 | Vaults:1 | Found Ubodon's Armour Shoppe.
 26622 | Vaults:1 | Noticed Aizul
 26634 | Vaults:1 | Killed Aizul
 28563 | Vaults:2 | Found a staircase to the Elven Halls.
 28589 | Vaults:2 | Reached XP level 17. HP: 88/157 MP: 23/25
 28848 | Vaults:2 | Reached skill level 14 in Long Blades
 31395 | Depths:1 | Entered Level 1 of the Depths
 31455 | Depths:1 | Lost mutation: You possess an exceptional clarity of mind. [potion of mutation]
 31455 | Depths:1 | Lost mutation: Your body sometimes deteriorates upon taking damage. [potion of mutation]
 31455 | Depths:1 | Lost mutation: Your flesh is cold resistant. (rC+) [potion of mutation]
 31455 | Depths:1 | Lost mutation: You are dopey. (Int -2) [potion of mutation]
 31455 | Depths:1 | Gained mutation: You are partially covered in yellow scales. (AC +2) [potion of mutation]
 31455 | Depths:1 | Gained mutation: Your muscles are strong. (Str +2) [potion of mutation]
 31455 | Depths:1 | Gained mutation: Your magical capacity is low. (-10% MP) [potion of mutation]
 31455 | Depths:1 | Gained mutation: Your tail ends in a poisonous barb. [potion of mutation]
 32087 | Depths:1 | Reached skill level 10 in Stealth
 32088 | Depths:1 | Found a gateway to Hell.
 32520 | Depths:1 | Reached XP level 18. HP: 79/172 MP: 23/23
 32773 | Depths:1 | Found Asopiz's Vamp Bar.
 33831 | Depths:1 | Found a one-way gate to the infinite horrors of the Abyss.
 34434 | Depths:2 | Noticed a quicksilver dragon
 34434 | Depths:2 | a quicksilver dragon changed into an azure jelly
 34443 | Depths:2 | HP: 2/172 [battlesphere[a tengu reaver] (17)]
 34450 | Depths:2 | Voluntarily entered the Abyss.
 35185 | Depths:2 | Escaped the Abyss
 35314 | Depths:2 | Noticed a giant giant
 35636 | Elf      | Entered the Elven Halls
 36068 | Elf      | Got Ymedag's Collected Works on Dark Magic
 36692 | Elf      | Killed from afar by a deep elf annihilator

Vault maps used:
D:1:      nicolae_arrival_washed_ashore
D:2:      minmay_distorted
D:3:      lemuel_doored_altar, ecumenical_altar_2
D:4:      serial_shops, shop, corexii_hall_statues_s, uniq_duvessa, uniq_pikel
D:5:      lemuel_insect_pit
D:6:      yredelemnul_forgotten_temple_becter, temple_green
D:7:      kiku_gazebo_pond_becter, serial_shops, shop_fountains,
          nicolae_shop_statue_plus, shop, shop_fountains,
          serial_co_window_serial, co_window_paths_a, co_window_corner_a,
          co_window_paths_a, co_window_corner_a, co_window_paths_a,
          co_window_2corner, co_window_broadway_b, co_window_cross_2,
          co_window_unsneaky_path_e, co_window_4corner_a, co_window_paths_e
D:8:      serial_shops, kennysheep_mini, david_defended_altar_elf
D:9:      hangedman_abyss_or_decor_stabs, tgw_kikubaaqudgha
D:10:     hiddenorc1_lemuel
D:11:     basic_altar, lemuel_blue_sif_altar, uniq_gastronok
D:12:     abandoned_shop, minivault_23
D:13:     minmay_swamp_entry_worms, wad_floor_pattern_untrapped, tso_altar,
          uniq_erolcha
D:14:     nicolae_dithmenos_through_a_glass_darkly, uniq_azrael
D:15:     grunt_enter_depths_snipers, lightli_vaults_fourway_checkpoint,
          special_room, minmay_misc_feat_alley, minivault_19
Temple:   nicolae_temple_elliptical
Swamp:1:  evilmike_swamp_ruin_wall
Swamp:2:  hangedman_swamp_pad, swamp_pool3
Swamp:3:  swamp_old_school
Orc:1:    trog_butcher_becter, uniq_nergalle
Orc:2:    grunt_orc_gardens, grunt_orc_garden, grunt_orc_garden,
          grunt_orc_garden, grunt_orc_garden, basic_altar, uniq_sonja
Elf:      minmay_elf_hall_spiked, minmay_elf_necromancy, corexii_hall_statues_i,
          nicolae_elf_glass_and_crystal_pillar_1, fountainhead, feat_on_display
Vaults:1: vaults_dpeg_spiral, ontoclasm_vaults_misaligned,
          nicolae_vaults_network_barrier, nicolae_vaults_little_squares_6,
          st_diamondy, v_alt_pattern_5, vaults_dpeg_diagonal, v_misc_14,
          vaults_room_stairs_pillars, ontoclasm_vaults_misaligned,
          vaults_mumra_minichess_inversion, hangedman_vaults_slice,
          serial_shops, nicolae_shop_competitors_out_of_business, uniq_aizul
Vaults:2: v_misc_14, grunt_vaults_focal, hangedman_vaults_hat,
          grunt_vaults_funnel, v_rooms_6, v_rooms_1, vaults_room_pools,
          nicolae_vaults_inception_statues, st_hourglassy, v_misc_8
Depths:1: hellmouth_1, marbit_kobold_abyss_entry, minmay_misc_feat_encased,
          kennysheep_small_spiral, guppyfry_shop_blood
Depths:2: hangedman_crystal_crosses_colossus, abyss_entry, hell_entry

Skill      XL: |  1  2  3  4  5  6  7  8  9 10 11 12 13 14 15 16 17 18 |
---------------+-------------------------------------------------------+-----
Long Blades    | 3 4 6 7 9 10 11 12 13 14 | 14.4
Stealth        | 1 5 10 13 | 13.5
Shields        | 3 4 5 6 7 8 9 10 11 | 11.5
Dodging        | 5 6 7 8 9 10 11 | 11.2
Invocations    | 4 6 9 10 11 13 | 13.1
Armour         | 3 5 6 7 8 9 10 11 | 11.6
Fighting       | 6 7 11 13 | 13.4

Action                   |  1- 3 |  4- 6 |  7- 9 | 10-12 | 13-15 | 16-18 || total
-------------------------+-------+-------+-------+-------+-------+-------++-------
Melee: Long sword        |   145 |    17 |       |       |       |       ||   162
       Scimitar          |       |    88 |   405 |   613 |   857 |  1064 ||  3027
       Dagger            |       |       |       |    77 |       |       ||    77
       Constrict         |       |       |       |       |   166 |   139 ||   305
       Tailslap          |       |       |       |       |       |   149 ||   149
Throw: Stone             |     8 |     1 |    11 |    38 |    54 |    37 ||   149
       Curare dart       |       |       |       |       |       |     4 ||     4
Invok: Bend Time         |       |       |     1 |    22 |    18 |    39 ||    80
       Temporal Distorti |       |       |       |     3 |    19 |    16 ||    38
       Slouch            |       |       |       |     1 |     1 |     5 ||     7
       Step From Time    |       |       |       |       |       |     1 ||     1
 Abil: Spit Poison       |     1 |     6 |     9 |     4 |     1 |     4 ||    25
       Evoke Flight      |       |       |       |       |       |     3 ||     3
Evoke: Wand              |       |     1 |     5 |    13 |     9 |     7 ||    35
  Use: Potion            |     1 |     1 |     5 |     4 |       |    17 ||    28
       Scroll            |       |     1 |     2 |     6 |     5 |    19 ||    33
 Stab: Paralysed         |       |     6 |     3 |     2 |     2 |       ||    13
       Sleeping          |       |       |     1 |     7 |     9 |    11 ||    28
       Confused          |       |       |       |       |     1 |       ||     1
       Distracted        |       |       |       |       |       |     1 ||     1
Armor: Scale mail        |    69 |    60 |   100 |       |       |       ||   229
       Ring mail         |       |       |    29 |   180 |   233 |   236 ||   678
       Skin              |       |       |     2 |       |       |       ||     2
Dodge: Dodged            |    52 |    30 |   132 |   237 |   317 |   503 ||  1271
Block: Shield            |     4 |       |    57 |   338 |   489 |   603 ||  1491
       Buckler           |    32 |    22 |    68 |       |       |       ||   122
